 Dungeon Crawl Stone Soup version 0.29.1-13-g9f3cf754e1 (webtiles) character file.

Game seed: 3574582686998257221

244 Heoruswealwe the Firebug (level 6, -11/47 HPs)
             Began as a Meteoran Fire Elementalist on Jan 31, 2023.
             Was an Initiate of Vehumet.
             Mangled by an ogre
             ... wielding a +0 giant club
              (18 damage)
             ... on level 4 of the Dungeon.
             The game lasted 00:48:36 (2207 turns).

Heoruswealwe the Firebug (MeFE)                     Turns: 2207, Time: 00:48:36

Health: -11/47     AC:  3    Str: 10    XL:     6   Next: 58%
Magic:  13/13      EV: 13    Int: 25    God:    Vehumet [......]
Gold:   182        SH:  0    Dex: 14    Spells: 9/13 levels left

rFire   . . .      SeeInvis .   f - +3 dagger (flame)
rCold   . . .      Faith    .   (no shield)
rNeg    . . .      Spirit   .   a - +0 robe
rPois   .          Reflect  .   (no helmet)
rElec   .          Harm     .   (no cloak)
rCorr   .          Rampage  .   j - +0 pair of gloves
Will    .....                   (no boots)
Stlth   +.........              (no amulet)
HPRegen 0.15/turn               g - +6 ring of intelligence
MPRegen 0.13/turn               M - ring "Ruwk" {Wiz Fly Stlth+}

@: marked, flying, glowing
A: sense surroundings 1, otherworldly, glowing, explore regen
a: Renounce Religion


You were on level 4 of the Dungeon.
You worshipped Vehumet.
Vehumet was noncommittal.
You visited 1 branch of the dungeon, and saw 4 of its levels.

You collected 182 gold pieces.

Inventory:

Hand Weapons
 c - a +0 dagger
 f - a +3 dagger of flaming (weapon)
 i - a +0 dagger
 m - a +0 short sword
 n - a +0 rapier
 p - a +0 mace
 r - a +0 short sword
 s - a +0 club
 v - a +0 club
 y - a +0 spear
 z - a +0 dagger
 A - a +0 flail
 B - a +0 hand axe
 F - a +0 quarterstaff
 H - a +0 short sword
 I - a +0 flail
 J - a +0 dagger
 O - a +0 club
 P - a +0 mace
 Q - a +0 whip
 T - a +0 mace
Missiles
 d - 27 stones
 t - 7 poisoned darts
Armour
 a - a +0 robe (worn)
 e - a +0 leather armour
 h - a +0 scale mail
 j - a +0 pair of gloves (worn)
 l - a +0 ring mail
 u - a +0 scale mail
 C - a +0 leather armour
 D - a +0 robe
 G - a +0 robe
 K - a +0 ring mail
Magical Staves
 S - a staff of conjuration
Jewellery
 g - a +6 ring of intelligence (left hand)
 w - a +6 ring of strength
 x - a ring of positive energy
 E - a ring of fire
 M - the ring "Ruwk" (right hand) {Wiz Fly Stlth+}
   (You found it on level 4 of the Dungeon)

   [ring of wizardry]

   It improves your spell success rate.
   Fly:       It grants you flight.
   Stlth:     It makes you more stealthy.
Scrolls
 k - a scroll of brand weapon
 o - 3 scrolls of identify
 L - a scroll of amnesia
 N - 2 scrolls of vulnerability
 R - a scroll of torment
Potions
 b - a potion of magic
 q - 3 potions of curing


   Skills:
 + Level 1.1 Fighting
 + Level 1.5 Short Blades
 + Level 1.7 Armour
 + Level 3.5 Dodging
 + Level 1.4 Stealth
 + Level 4.4 Spellcasting
 + Level 2.7 Conjurations
 + Level 4.9 Fire Magic


You had 9 spell levels left.
You knew the following spells:

 Your Spells              Type           Power      Damage    Failure   Level
a - Foxfire               Conj/Fire      96%        2x1d8     1%          1
b - Magic Dart            Conj           76%        1d6       1%          1
c - Scorch                Fire           60%        2d8       1%          2

Your spell library contained the following spells:

 Spells                   Type           Power      Damage    Failure   Level
 Conjure Flame            Conj/Fire      24%        6-21      2%          3
 Sandblast                Erth           10%        2d5       3%          1
 Slow                     Hex            20%        N/A       3%          1
 Inner Flame              Hex/Fire       17%        N/A       4%          3
 Ensorcelled Hibernation  Hex/Ice        10%        N/A       5%          2
 Passwall                 Tmut/Erth      4%         N/A       5%          2
 Stone Arrow              Conj/Erth      24%        3d8       6%          3
 Flame Wave               Conj/Fire      24%        2d8       8%          4
 Confusing Touch          Hex            5%         N/A       11%         3
 Swiftness                Air            5%         N/A       11%         3
 Vampiric Draining        Necr           5%         2d6       11%         3


Dungeon Overview and Level Annotations

Branches:
Dungeon (4/15) Zot: 215
 Temple: D:4-7

Altars:
Hepliaklqana
Ru
Vehumet
Xom

Shops:
D:1 [   D:2 =

Annotations:
D:1 1 transporter


Innate Abilities, Weirdness & Mutations

You passively map a small area around you.
You are easily found by Zot.
You glow in the dark.
You regain HP and MP as you explore.


Message History

You hear an angry growl.
You hear a shout! x2; You hear a bark! x2
Aiming: Magic Dart (safe; 1% risk of failure)
Press: ? - help, Q - select action, (/) - cycle Shift-Dir - straight line, f - orc
Aim: an orc, wielding a +0 mace (100% to hit)
The magic dart hits the orc.
The orc is moderately wounded.
The orc enters a dispersal trap!
You blink.
The orc blinks!
Aiming: Magic Dart (safe; 1% risk of failure)
Press: ? - help, Q - select action, (/) - cycle Shift-Dir - straight line, f/p - orc
Aim: an orc, wielding a +0 mace (moderately wounded, 100% to hit)
The magic dart hits the orc.
The orc is almost dead.
The orc hits you with a +0 mace!
You hit the orc. You burn the orc.
You kill the orc!
Vehumet accepts your kill.
Things that are here:
a +0 mace; an orc corpse
T - a +0 mace
There is a shimmering altar of Xom here.
An ogre comes into view. It is wielding a +0 giant club.
There is a fountain of clear blue water here.
You hit the ogre. You burn the ogre.
The ogre is moderately wounded.
The ogre hits you with a +0 giant club!!
You hit the ogre. You burn the ogre.
The ogre is heavily wounded.
You completely miss the ogre.
The ogre is heavily wounded.
The ogre hits you with a +0 giant club!
* * * LOW HITPOINT WARNING * * *
You barely miss the ogre.
The ogre is heavily wounded.
You puncture the ogre! You burn the ogre.
The ogre is almost dead.
The ogre misses you.
You hit the ogre. You burn the ogre.
The ogre is almost dead.
The ogre hits you with a +0 giant club!!
You die...

* *
#...########..
,
#...#......#..
,*
#...#.####.##.
* ,* ...#.#*
#.... *
##⌠##..# #####
####*
##_†~##..#
...,##.....##.#
* *
#O##≈.....^#.#
* * ,
#.@#.^#.♣~~#.#
*,
##.⌠♣.♣_...⌠.#
* ###._≈_~~####
#^#♣#_.~#
##.≈..^## ,
##^~^## * ##⌠##
#.. , ,,,* #..#
#.#** ##.#
#.######


You could see an ogre.

Vanquished Creatures
  A jelly (D:2)
  Natasha (D:2)
  2 orc wizards (D:3)
  A statue (D:3)
  4 adders
  An ufetubus (D:4)
  A worm (D:2)
  A dart slug (D:4)
  6 orcs
  6 ball pythons
  4 endoplasms
  5 giant cockroaches
  2 goblins
  6 hobgoblins
  6 kobolds
  8 quokkas
  2 bats
  5 frilled lizards
  8 rats
70 creatures vanquished.

Vanquished Creatures (others)
  10 foxfires (D:1)
10 creatures vanquished.

Grand Total: 80 creatures vanquished

Notes
Turn   | Place    | Note
-------+----------+-------------------------------------------
     0 | D:1      | Heoruswealwe the Meteoran Fire Elementalist began the quest
                  | for the Orb.
     0 | D:1      | Reached XP level 1. HP: 14/14 MP: 5/5
   100 | D:1      | Reached XP level 2. HP: 20/20 MP: 1/6
   157 | D:1      | Found Ypnuisomo's Armour Shop.
   520 | D:1      | Glimpsed the power of Zot.
   567 | D:2      | Reached XP level 3. HP: 6/26 MP: 8/8
   610 | D:2      | Found a faded altar of an unknown god.
   635 | D:2      | Prayed at the altar of an unknown god.
   635 | D:2      | Became a worshipper of Vehumet
   635 | D:2      | Reached * piety under Vehumet
   635 | D:2      | Offered knowledge of Magic Dart by Vehumet.
   730 | D:1      | Learned a level 1 spell: Magic Dart
   733 | D:1      | Learned a level 2 spell: Scorch
   910 | D:2      | Reached XP level 4. HP: 18/33 MP: 6/10
  1119 | D:2      | Reached XP level 5. HP: 38/38 MP: 11/11
  1235 | D:2      | Found Tagriy's Jewellery Shop.
  1286 | D:3      | Offered knowledge of Static Discharge by Vehumet.
  1287 | D:3      | Reached skill level 1 in Armour
  1296 | D:3      | Reached ** piety under Vehumet
  1320 | D:2      | Noticed Natasha
  1329 | D:2      | Killed Natasha
  1493 | D:3      | Found a hazy altar of Hepliaklqana.
  1495 | D:3      | Found a faded altar of an unknown god.
  1505 | D:3      | Reached XP level 6. HP: 33/46 MP: 11/13
  1525 | D:3      | Prayed at the altar of an unknown god.
  1525 | D:3      | Fell from the grace of Vehumet
  1525 | D:3      | Became a worshipper of Ru the Awakened
  1583 | D:2      | Fell from the grace of Ru
  1583 | D:2      | Became a worshipper of Vehumet
  1683 | D:4      | Reached skill level 1 in Short Blades
  1943 | D:3      | Found a radiant altar of Vehumet.
  1963 | D:3      | Reached skill level 1 in Fighting
  2037 | D:4      | Identified the ring "Ruwk" {Wiz Fly Stlth+}
  2171 | D:4      | Found a shimmering altar of Xom.
  2171 | D:4      | Found a shimmering altar of Xom.
  2172 | D:4      | Found a shimmering altar of Xom.
  2173 | D:4      | Found a shimmering altar of Xom.
  2176 | D:4      | Found a shimmering altar of Xom.
  2200 | D:4      | Noticed an ogre
  2207 | D:4      | Mangled by an ogre

Illustrated notes

Levels and vault maps discovered:
D:1:      spicycebolla_arrival_transporter_tutorial, layout_rooms, serial_shops,
          shop, minmay_quantized
D:2:      layout_loops_ring, dreamdust_ecumenical_altar_statues, serial_shops,
          nicolae_shop_waterfront, kennysheep_generic_room_2, uniq_natasha
D:3:      layout_basic, vehumet_statue, beargit_hepliaklqana_dungeon_heroes
D:4:      layout_basic, xom_redecorated, minmay_temple_entry_gardened_gates,
          hangedman_decor_riveting, chequers_serial_rivers_small_a,
          uniq_menkaure

Skill      XL: |  1  2  3  4  5  6 |
---------------+-------------------+-----
Fire Magic     | 4 |  4.9
Dodging        | 3 |  3.5
Conjurations   | 2 |  2.7
Spellcasting   | 3 4 |  4.4
Armour         | 1 |  1.7
Short Blades   | 1 |  1.5
Fighting       | 1 |  1.1
Stealth        | |  1.4

Action                   |  1- 3 |  4- 6 || total
-------------------------+-------+-------++-------
Melee: Unarmed           |     7 |       ||     7
       Dagger            |    48 |   119 ||   167
       Punch             |     1 |       ||     1
 Cast: Foxfire           |    11 |       ||    11
       Magic Dart        |    18 |    45 ||    63
  Use: Potion            |     4 |     1 ||     5
       Scroll            |     4 |     3 ||     7
Armor: Robe              |     5 |    30 ||    35
       Scale mail        |    17 |       ||    17
       Leather armour    |     2 |       ||     2
Dodge: Dodged            |    28 |    59 ||    87
